cohdb
Replays
Latest Replays
All Replays
Popular Replays
Top Player Replays
Match Explorer
How It Works
Community
CoH3 Stats
Reddit
Sign in to upload your games and track your stats! →
Sign in with Steam
Match 25245490
Unlisted
Match 25245490
Overview
Messages
Build Orders
End
Vickers Machine Gun Team
Construct Section Command Post
Dingo Light Scout Car
Vickers Machine Gun Team
Royal Engineer Section
Construct Platoon Command Post
Selects Heavy Armor Battlegroup
Selects Engineer Detachments
Royal Engineer Section
ML 3-inch Mortar Team
6-pounder Anti-tank Gun Team
Team Weapon Training
Royal Engineer Section
6-pounder Anti-tank Gun Team
Construct Field Infirmary
Royal Engineer Section
Selects Crusader AA Medium Tank
Selects UNKNOWN (2162094)
Vickers Machine Gun Team
Construct Company Command Post
Foot Guards Section
Foot Guards Section
Vickers Machine Gun Team
^3
DIV 250 BigBoss
AngryBirds
Rey de Hierro
0
0
Comments
sign in to comment!
No comments posted yet!